 Dungeon Crawl Stone Soup version 0.19-a0-1889-g9c603be (webtiles) character file.

14499 GameOver the Covert (level 12, -1/88 HPs)
             Began as a Naga Summoner on Oct 16, 2016.
             Was the Champion of Cheibriados.
             Slain by a death yak simulacrum (39 damage)
             ... in an ice cave on Oct 17, 2016.
             The game lasted 01:29:32 (10521 turns).

GameOver the Covert (Naga Summoner)                Turns: 10521, Time: 01:29:33

Health: -1/88      AC: 12    Str: 26    XL:     12   Next: 17%
Magic:  19/21      EV: 14    Int: 41    God:    Cheibriados [******]
Gold:   828        SH:  0    Dex: 26    Spells: 4 memorised, 9 levels left

rFire  . . .     SeeInvis +     q - +0 shortbow
rCold  . . .     Gourm    .     Y - +0 troll leather armour
rNeg   . . .     Faith    .     (shield currently unavailable)
rPois  +         Spirit   .     Q - +0 helmet
rElec  .         Reflect  .     R - +2 cloak
rCorr  .         Harm     .     G - +0 pair of gloves
MR     +....                    (no barding)
Stlth  +++++.....               (no amulet)
                                N - +4 ring of evasion
                                n - +5 ring of intelligence

@: repel missiles, very slow
A: see invisible, deformed body, poison resistance, slowness 2, slow metabolism
1, spit poison 1, AC +4
a: Spit Poison, Bend Time, Temporal Distortion, Slouch, Step From Time, Renounce
Religion


You were in an ice cave.
You worshipped Cheibriados.
Cheibriados was exalted by your worship.
You were hungry.

You visited 3 branches of the dungeon, and saw 15 of its levels.
You also visited: Ossuary and Ice Cave.

You collected 828 gold pieces.

Inventory:

Hand Weapons
 q - a +0 shortbow (weapon)
 w - a +1 scimitar of protection
Missiles
 k - 88 arrows (quivered)
Armour
 G - a +0 pair of gloves (worn)
 Q - a +0 helmet (worn)
 R - a +2 cloak (worn)
 Y - a +0 troll leather armour (worn)
Jewellery
 n - a +5 ring of intelligence (left hand)
 N - a +4 ring of evasion (right hand)
 S - an uncursed ring of flight
Wands
 M - a wand of digging (5/24)
 O - a wand of iceblast (7/15)
Scrolls
 a - a scroll of fear
 g - 7 scrolls of remove curse
 y - 2 scrolls of magic mapping
 z - 5 scrolls of blinking
 I - 4 scrolls of teleportation
Potions
 h - a potion of magic
 v - 6 potions of heal wounds
Comestibles
 x - 20 fruits


   Skills:
 - Level 4.0 Armour
 - Level 1.5 Dodging
 - Level 10.8 Stealth
 - Level 6.0 Spellcasting
 - Level 8.4 Summonings
 + Level 7.5 Transmutations
 - Level 8.8 Air Magic
 - Level 10.0 Invocations


You had 9 spell levels left.
You knew the following spells:

 Your Spells              Type           Power        Failure   Level  Hunger
a - Blade Hands           Tmut           ######....   3%          5    ####...
q - Summon Lightning Spi  Summ/Air       ######..     1%          4    #......
w - Call Canine Familiar  Summ           ######..     1%          3    None
z - Repel Missiles        Chrm/Air       #####.       1%          2    None


Dungeon Overview and Level Annotations

Branches:
Dungeon (11/15)            Temple (1/1) D:6            Lair (3/6) D:10
    Orc (0/2) D:10
  Swamp: Lair:2-4    Shoals: Lair:2-4     Snake: Lair:2-4    Spider: Lair:2-4

Altars:
Cheibriados
Dithmenos
Elyvilon
Gozag
Hepliaklqana
Kikubaaqudgha
Makhleb
Okawaru
Qazlal
Ru
Vehumet
Yredelemnul
Zin

Annotations:
D:3 Raykoid666's ghost, amateur DsSk


Innate Abilities, Weirdness & Mutations

You cannot wear boots.
Your serpentine skin is tough. (AC +4)
You have supernaturally acute eyesight. (SInv)
Armour fits poorly on your strangely shaped body.
Your system is resistant to poisons. (rPois)
You cover ground very slowly.
You have a slow metabolism.
You can spit poison.


Message History

Your lightning spire shoots out a bolt of lightning at the death yak simulacrum!
The bolt of electricity hits the death yak simulacrum.
The death yak simulacrum gores your lightning spire!
The death yak simulacrum freezes your lightning spire.
Your lightning spire resists.
Unknown command.
Firing (i - inventory):
k - 89 arrows (quivered)
Press: ? - help, Shift-Dir - straight line, f/p - death yak simulacrum
Aim: a death yak simulacrum (severely damaged)
You shoot an arrow.
The arrow hits the death yak simulacrum!
The death yak simulacrum is almost destroyed.
Your lightning spire shoots out a bolt of lightning at the death yak simulacrum!
The bolt of electricity hits the death yak simulacrum.
The death yak simulacrum vapourises!
Cheibriados appreciates the change of pace.
The elephant simulacrum tramples you! The elephant simulacrum freezes you!!
The elephant simulacrum trunk-slaps you but does no damage.
The death yak simulacrum gores you!! The death yak simulacrum freezes you!!!
You die...

#####
##...##
##..∩..##
#...@...#
#..ZZ8..#
##..(§.##
##..(##
#...#
##...
#...#
...##
..##


You could see a death yak simulacrum, an elephant simulacrum and a friendly
lightning spire.

Vanquished Creatures
  Erolcha (D:10)
  A hydra (D:8)
  An ugly thing (D:11)
  A centaur zombie (D:11)
  An ice devil (Lair:3)
  A komodo dragon (Lair:2)
  A two-headed ogre (D:9)
  3 hippogriffs
  A yak (D:8)
  A hell hound (D:10)
  2 porcupines
  3 water moccasins
  A sky beast (D:9)
  A black bear (D:10)
  A phantom (D:8)
  3 ogres
  2 centaurs
  2 crocodiles
  2 wolves (Lair:2)
  5 bullfrogs
  2 big kobolds (D:8)
  2 scorpions
  4 killer bees
  A wight (D:9)
  2 crimson imps (D:10)
  A jelly (D:9)
  3 hounds
  2 orc priests
  2 iguanas (D:10)
  7 worker ants
  3 orc wizards
  4 gnolls
  A howler monkey skeleton (D:7)
  6 adders
  2 dart slugs (D:1)
  A leopard gecko (D:11)
  22 orcs
  7 bats
  6 giant cockroaches
  3 goblins
  5 hobgoblins
  4 jackals
  5 quokkas
  2 frilled lizards
  A gnoll skeleton (Ossuary)
  A goblin zombie (D:8)
  A jackal zombie (D:5)
  10 kobolds
  3 orc skeletons (Ossuary)
  A quokka zombie (D:8)
  7 rats
155 creatures vanquished.

Vanquished Creatures (collateral kills)
  Snorg (D:10)
  Harold (Lair:1)
  3 hydras
  Pikel (D:6)
  The ghost of Raykoid666 the Charmwright, a novice DsSk (D:9)
  2 black mambas (Lair:2)
  Psyche (D:10)
  An ice devil (Lair:3)
  4 komodo dragons
  2 trolls
  A two-headed ogre (D:9)
  2 dream sheep (D:8)
  Prince Ribbit (D:6)
  5 blink frogs
  5 hippogriffs
  A wyvern (D:9)
  4 yaks
  A shadow (D:11)
  A wraith (Ossuary)
  3 hungry ghosts
  A death yak simulacrum (IceCv)
  A warg (D:10)
  A hell hound (D:10)
  3 porcupines (Lair:1)
  A water moccasin (Lair:1)
  An ice beast (D:5)
  A black bear (D:8)
  An eye of draining (D:11)
  6 orc warriors
  4 ogres
  2 necrophages
  A centaur (D:9)
  2 wolves (Lair:2)
  3 phantoms
  2 crocodiles (Lair:2)
  3 big kobolds
  A bullfrog (D:8)
  2 scorpions
  7 killer bees
  11 wights
  2 howler monkeys
  A jelly (D:8)
  A centaur zombie (D:8)
  4 crimson imps
  A quasit (D:8)
  Crazy Yiuf (D:5)
  3 hounds
  2 centaur skeletons
  5 orc wizards
  6 orc priests
  A bullfrog skeleton (D:8)
  A gnoll shaman (D:6)
  Jessica (D:2)
  2 iguanas (D:5)
  4 worker ants
  A wolf simulacrum (IceCv)
  A mummy (Ossuary)
  4 gnolls
  A howler monkey skeleton (D:8)
  6 adders
  3 shadow imps
  An adder skeleton (D:4)
  A worm (D:2)
  35 orcs
  5 bats
  3 goblins
  5 hobgoblins
  4 jackals
  5 kobolds
  3 quokkas
  3 gnoll skeletons (Ossuary)
  8 kobold skeletons (Ossuary)
  10 orc skeletons (Ossuary)
  2 rats
231 creatures vanquished.

Vanquished Creatures (others)
  2 slaves (D:6)
  A leopard gecko zombie (D:6)
  3 fungi (Lair:2)
  5 plants (Lair:2)
11 creatures vanquished.

Grand Total: 397 creatures vanquished

Notes
Turn   | Place    | Note
-------+----------+-------------------------------------------
     0 | D:1      | GameOver the Naga Summoner began the quest for the Orb.
     0 | D:1      | Reached XP level 1. HP: 15/15 MP: 3/3
   119 | D:1      | Reached XP level 2. HP: 22/22 MP: 5/5
   446 | D:2      | Reached XP level 3. HP: 27/28 MP: 2/6
   565 | D:2      | Noticed Jessica
   570 | D:2      | Killed Jessica
   886 | D:2      | Reached skill level 5 in Summonings
   886 | D:2      | Reached XP level 4. HP: 36/36 MP: 4/7
   962 | D:2      | Learned a level 3 spell: Call Canine Familiar
  1118 | D:3      | Reached skill level 5 in Stealth
  1357 | D:3      | Reached XP level 5. HP: 29/42 MP: 3/8
  1363 | D:3      | Learned a level 4 spell: Summon Lightning Spire
  1516 | D:3      | Noticed Raykoid666's ghost (amateur DsSk)
  1907 | D:4      | Reached skill level 1 in Air Magic
  1946 | D:4      | Found a white marble altar of Elyvilon.
  2112 | D:4      | Reached XP level 6. HP: 23/49 MP: 4/9
  2589 | D:5      | Entered Level 5 of the Dungeon
  2737 | D:5      | Found a runed door.
  2869 | D:5      | Got a crude leather armour
  2880 | D:5      | Identified the cursed +0 leather armour "Fovvu" {Dex+2} (You found it on level 5 of the Dungeon)
  3013 | D:5      | Reached XP level 7. HP: 50/55 MP: 6/10
  3127 | D:5      | Found a shadowy altar of Dithmenos.
  3421 | D:5      | Learned a level 2 spell: Repel Missiles
  3538 | D:5      | Noticed Crazy Yiuf
  3547 | D:5      | Killed Crazy Yiuf
  3608 | D:6      | Noticed Pikel
  3616 | D:6      | Killed Pikel
  3616 | D:6      | Reached skill level 5 in Air Magic
  3616 | D:6      | Reached XP level 8. HP: 46/62 MP: 1/11
  3664 | D:6      | Found a glowing silver altar of Zin.
  3669 | D:6      | Noticed Prince Ribbit
  3923 | D:6      | Killed Prince Ribbit
  3932 | D:6      | Found a staircase to the Ecumenical Temple.
  3940 | Temple   | Entered the Ecumenical Temple
  3982 | Temple   | Became a worshipper of Cheibriados the Contemplative
  4042 | D:6      | Identified a scroll of acquirement
  4619 | D:7      | Reached * piety under Cheibriados
  4913 | D:8      | Found a hazy altar of Hepliaklqana.
  4913 | D:8      | Found a basalt altar of Yredelemnul.
  4925 | D:8      | Noticed a hippogriff
  4930 | D:8      | Killed a hippogriff
  4930 | D:8      | Reached XP level 9. HP: 55/68 MP: 7/12
  5017 | D:8      | Found a sand-covered staircase.
  5072 | Ossuary  | Entered an ossuary
  5081 | Ossuary  | Reached ** piety under Cheibriados
  5402 | D:8      | Reached skill level 1 in Invocations
  5563 | D:8      | Reached *** piety under Cheibriados
  5654 | D:8      | Reached skill level 10 in Stealth
  5669 | D:8      | Noticed a three-headed hydra
  5680 | D:8      | Killed a three-headed hydra
  5694 | D:8      | Reached XP level 10. HP: 56/75 MP: 2/13
  6027 | D:9      | Noticed Raykoid666's ghost (novice DsSk)
  6035 | D:9      | Killed Raykoid666's ghost
  6035 | D:9      | Reached skill level 5 in Invocations
  6128 | D:9      | Reached **** piety under Cheibriados
  6877 | D:10     | Entered Level 10 of the Dungeon
  6885 | D:10     | Noticed Erolcha
  6893 | D:10     | Killed Erolcha
  6893 | D:10     | Reached ***** piety under Cheibriados
  6947 | D:10     | Found a staircase to the Orcish Mines.
  7041 | D:10     | Noticed Psyche
  7046 | D:10     | Killed Psyche
  7161 | D:10     | Reached XP level 11. HP: 73/81 MP: 11/18
  7196 | D:10     | Found a staircase to the Lair.
  7225 | D:10     | Noticed Snorg
  7237 | D:10     | Killed Snorg
  7237 | D:10     | Reached skill level 5 in Spellcasting
  7573 | D:10     | Upgraded the game from 0.19-a0-1886-gd64a0f0 to 0.19-a0-1889-g9c603be
  7857 | D:11     | Reached skill level 10 in Invocations
  7865 | D:11     | Learned a level 5 spell: Blade Hands
  7927 | D:11     | Reached skill level 1 in Armour
  7928 | D:11     | Reached skill level 1 in Transmutations
  7935 | D:11     | Reached ****** piety under Cheibriados
  7981 | D:11     | Noticed a red ugly thing
  7991 | D:11     | Killed a red ugly thing
  8441 | Lair:1   | Entered Level 1 of the Lair of Beasts
  8447 | Lair:1   | Noticed a seven-headed hydra
  8458 | Lair:1   | Killed a seven-headed hydra
  8937 | Lair:1   | Noticed Harold
  9727 | Lair:2   | Noticed a seven-headed hydra
  9737 | Lair:2   | Killed a seven-headed hydra
  9737 | Lair:2   | Reached skill level 5 in Transmutations
  9842 | Lair:2   | Reached XP level 12. HP: 73/88 MP: 17/21
 10115 | Lair:1   | Killed Harold
 10455 | Lair:3   | Noticed a seven-headed hydra
 10460 | Lair:3   | Killed a seven-headed hydra
 10486 | Lair:3   | Found a frozen archway.
 10513 | IceCv    | Entered an ice cave
 10521 | IceCv    | Slain by a death yak simulacrum

Vault maps used:
D:1:      minmay_arrival_cross
D:2:      minmay_circled_x, uniq_jessica
D:3:      wad_river_or_something, first_bread
D:4:      overflow_temple_1_default
D:5:      grunt_dithmenos_shadows, uniq_crazy_yiuf_cottage
D:6:      basic_altar, minivault_22, dk_noncrumbling_3, uniq_prince_ribbit1,
          uniq_pikel
D:8:      grunt_temple_overflow_open, enter_ossuary_4, hangedman_ranch,
          minmay_orc_keep
D:10:     minmay_lair_entry_lava, erik_orc_3, minmay_unpleasant_kobolds,
          uniq_snorg, uniq_psyche, uniq_erolcha
Temple:   minmay_crystal_spiral_temple
Lair:1:   uniq_harold
Lair:2:   grunt_megastairs_1
Lair:3:   portal_ice_cave_demonic_guard, lemuel_fruit_tree, grunt_megastairs_3,
          infiniplex_staircase_pool, uniq_sonja
Ossuary:  ossuary_due_mausoleum
IceCv:    ice_cave_small_necro

Skill      XL: |  1  2  3  4  5  6  7  8  9 10 11 12 |
---------------+-------------------------------------+-----
Stealth        | 4 5 6 7 9 10 | 10.8
Summonings     | 5 6 7 8 |  8.4
Air Magic      | 2 3 5 7 8 |  8.8
Invocations    | 3 8 10 | 10.0
Spellcasting   | 4 6 |  6.0
Armour         | 4 |  4.0
Transmutations | 5 7 |  7.5
Dodging        | |  1.5

Action                   |  1- 3 |  4- 6 |  7- 9 | 10-12 || total
-------------------------+-------+-------+-------+-------++-------
Melee: Whip              |    17 |       |       |       ||    17
       Short sword       |     1 |     8 |       |       ||     9
       Rapier            |       |     7 |    58 |    33 ||    98
       Quarterstaff      |       |       |    26 |       ||    26
       Scimitar          |       |       |       |   124 ||   124
 Fire: Hunting sling     |    10 |    74 |   125 |     3 ||   212
       Shortbow          |       |       |       |   194 ||   194
 Cast: Summon Small Mamm |    19 |     9 |     2 |       ||    30
       Call Canine Famil |       |    20 |    17 |    20 ||    57
       Summon Lightning  |       |     2 |    22 |    51 ||    75
       Repel Missiles    |       |       |     1 |     1 ||     2
Invok: Bend Time         |       |       |       |     5 ||     5
 Abil: Spit Poison       |    24 |    30 |    36 |    35 ||   125
Evoke: Wand              |       |       |     4 |       ||     4
  Use: Scroll            |     3 |     3 |     6 |    10 ||    22
       Potion            |       |       |     4 |       ||     4
 Stab: Sleeping          |       |     1 |     2 |     6 ||     9
       Distracted        |       |       |     5 |     6 ||    11
  Eat: Chunk             |     1 |    10 |    15 |    18 ||    44
       Fruit             |       |       |       |     4 ||     4
Armor: Robe              |     4 |    11 |    42 |    26 ||    83
       Troll leather arm |       |       |       |    66 ||    66
Dodge: Dodged            |    19 |    24 |    71 |   150 ||   264
       Deflected         |       |       |     1 |     4 ||     5
       Rpst.: Scimitar   |       |       |       |    29 ||    29
